[Event "Icelandic Championship 2022"]
[Site "Selfoss"]
[Date "2022.04.24"]
[Round "4.4"]
[White "Thorhallsson, Simon"]
[Black "Gretarsson, Hjorvar Steinn"]
[Result "0-1"]
[ECO "D12"]
[WhiteElo "2252"]
[BlackElo "2542"]
[Annotator "TA"]
[PlyCount "110"]
[EventDate "2022.04.21"]
[EventType "tourn"]
[EventCountry "ISL"]
[SourceTitle "playchess.com"]
[Source "ChessBase"]
[SourceQuality "1"]
[TimeControl "40/5400+30:1800+30"]

1. d4 Nf6 2. c4 c6 3. Nf3 d5 4. e3 Bf5 5. Nc3 e6 6. Nh4 Be4 7. f3 Bg6 8. Qb3 Qc7 9. Bd2 {[%emt 0:03:55] D12: Slav Defence: 3 Nf3 Nf6 4 e3 Bf5.} Be7 10. Nxg6 hxg6 11. O-O-O {[%emt 0:00:11] White has an edge.} dxc4 12. Bxc4 b5 13. Bf1 {[%emt 0:09:59] [#]} a5 $146 ({Predecessor:} 13... a6 14. e4 c5 15. d5 c4 16. Qc2 e5 17. g4 Nfd7 18. Be3 Nc5 19. h4 Nbd7 {½-½ (55) Shengelia,D (2560)-Esen,B (2494) Novi Sad 2009}) 14. Qc2 Na6 15. Kb1 Nb4 16. Qc1 (16. Nxb5 Qb6 17. Qc4 (17. Bxb4 $2 axb4 18. Rc1 cxb5 $19) 17... cxb5 18. Qxb5+ Qxb5 19. Bxb5+ Kf8 $15) 16... Qb7 (16... Rxh2 $2 17. Nxb5 $1 Qb6 18. Rxh2 $18) 17. e4 O-O ({Black should play} 17... a4 $11) 18. g4 (18. a3 Na6 $11) (18. h4 $1 $14) 18... Rfc8 $1 $11 19. Be3 (19. a3 Na6 $15) 19... a4 20. h4 {[%emt 0:01:10] Threatening h5.} a3 21. b3 ({White should try} 21. h5 $11) 21... c5 $1 $15 22. dxc5 (22. Bxb5 c4 23. bxc4 (23. Bxc4 $2 Rxc4 24. bxc4 Nd3+ 25. Kc2 Nxc1 $19) 23... Rxc4 $1 24. Bxc4 (24. g5 $2 Nbd5 $19) 24... Nd3+ 25. Bb3 Nxc1 26. Rxc1 Nd7 $17) 22... Bxc5 23. h5 Qb6 24. Bxc5 Qxc5 25. Bxb5 {[%emt 0:05:23][%cal Oh5g6] Strongly threatening hxg6!} g5 (25... Qxc3 $2 26. Rd8+ $3 Kh7 27. Qxc3 Rxc3 28. Rxa8 $18) 26. Bc4 Qe5 27. h6 (27. Rhe1 $17) 27... Rab8 $19 {[%emt 0:00:53][%cal Oc8c4] Threatens to win with ...Rxc4!} 28. Ka1 gxh6 29. Rxh6 Nc6 30. Rdh1 $2 (30. Rd3 $17 {keeps fighting.}) 30... Kg7 31. f4 gxf4 32. g5 Qxg5 (32... Nxe4 $19 33. Rh7+ Kf8) 33. R6h4 {[%emt 0:00:30] Rg1 is the strong threat.} Qe5 34. Rxf4 {[%emt 0:00:27][%cal Of4f5] aiming for Rf5!} Nd4 {[%emt 0:03:54][%mdl 8192] Prevents Rf5. Active counter play!} (34... Rh8 $1 $11 {and Black has nothing to worry.} 35. Rg1+ (35. Qg1+ Kf8 $11) 35... Kf8) 35. Rg1+ $2 (35. Rfh4 $18 {Qh6+ would kill now.} Kf8 36. Qxa3+ Rc5 37. Kb1 (37. Rh8+ Kg7 $17)) 35... Kf8 $11 {[%emt 0:00:08][%cal Oc8c4,Bg7f8,Bf8e8,Be8d7,Bd7d6][%mdl 32] Hoping for ...Rxc4!} 36. Rxf6 $1 Qxf6 37. Qxa3+ Ke8 38. Rg8+ ({Better is} 38. Qd6 $1 $15 Nxb3+ 39. axb3 Qxc3+ 40. Ka2 Ra8+ 41. Ba6 Rxa6+ 42. Qxa6) 38... Kd7 $17 39. Qa7+ Kd6 40. e5+ $2 (40. Rxc8 $17 {was the crucial defense.} Rxc8 41. Kb1) 40... Qxe5 $19 41. Qa3+ (41. Rxc8 $142 Rxc8 42. Qa6+ Kc7 43. Qa7+ Kd8 44. Qxf7) 41... Rc5 42. Qa6+ Nc6 43. Rxb8 Qxc3+ 44. Kb1 Ra5 45. Rd8+ Kc5 ({Don't go for} 45... Ke7 $2 46. Qxc6 Qe1+ 47. Kb2 Qe5+ 48. Kb1 Kxd8 49. Qb6+ Ke7 50. a4 $19) 46. Qc8 Qe1+ 47. Kb2 Qf2+ 48. Kc1 Qe3+ (48... Rxa2 49. b4+ Kxb4 50. Bxa2 Nxd8 51. Qb8+ Ka4 52. Bb3+ Ka3 53. Bc4 $11) 49. Kb2 Qf2+ 50. Kc1 {[%emt 0:00:12] [#]} Qf6 $2 (50... Rxa2 51. b4+ Kxb4 52. Bxa2 Nxd8 53. Qb8+ Ka4 54. Bb3+ Ka3 55. Bc4 $15) (50... Qf4+ $1 $19 51. Kb1 Qe4+ 52. Bd3 Qe1+ 53. Kb2 Qd2+ 54. Bc2 Qxd8 55. b4+ Kxb4 56. Qxc6 Qd4+ 57. Kb1 Rb5) 51. b4+ $1 $11 Kxb4 {[%emt 0:00:22] ( -> ...Qc3+). Really sharp!} 52. Rd2 $2 (52. Qb7+ $11 Kc5 53. Rc8 Qc3+ 54. Kd1 Qf3+ 55. Kd2) 52... Qa1+ 53. Kc2 Qc3+ (53... Nd4+ $142 54. Rxd4 Qxd4 55. a3+ Rxa3 56. Qf8+ Qc5 57. Qxc5+ Kxc5 58. Bf1 f5 59. Be2 Ra2+ 60. Kd1 {[#]} Rxe2 $1 61. Kxe2 Kd4 62. Kf3 e5 63. Ke2 e4 64. Kd2 f4 65. Kd1 f3 66. Kd2 e3+ 67. Kd1 Kd3 68. Ke1 Kc2 69. Kf1 Kd2 70. Kg1 e2 71. Kh2 e1=Q 72. Kh3 Qg1 73. Kh4 Qg6 74. Kh3 Qg5 75. Kh2 Qg2#) 54. Kb1 Qxd2 55. a3+ Kc3 {[%emt 0:00:26] Weighted Error Value: White=0.68/Black=0.70} 0-1

[Event "Icelandic Championship 2022"]
[Site "Selfoss"]
[Date "2022.04.24"]
[Round "4.5"]
[White "Kjartansson, Gudmundur"]
[Black "Heimisson, Hilmir Freyr"]
[Result "1-0"]
[ECO "D30"]
[WhiteElo "2430"]
[BlackElo "2321"]
[Annotator "TA"]
[PlyCount "97"]
[EventDate "2022.04.21"]
[EventType "tourn"]
[EventCountry "ISL"]
[SourceTitle "playchess.com"]
[Source "ChessBase"]
[SourceQuality "1"]
[TimeControl "40/5400+30:1800+30"]

1. d4 d5 2. c4 c6 3. Nf3 Nf6 4. e3 e6 5. b3 Ne4 6. Bd3 {[%emt 0:01:37] D30: Queen's Gambit Declined: Systems without Nc3.} Nd7 7. O-O Bd6 8. Bb2 {[%emt 0:02:12] White is slightly better.} f5 9. Ne5 Nxe5 10. dxe5 {[%emt 0:01:03] [#] Hoping for Bxe4.} Bb4 $146 ({Predecessor:} 10... Be7 11. Nc3 Nxc3 12. Bxc3 O-O 13. Qe2 b6 14. Rad1 Bb7 15. f4 Qe8 16. g4 Rc8 17. gxf5 exf5 18. cxd5 cxd5 {½-½ (30) Predojevic,B (2642)-Szabo,K (2548) Zadar 2011}) 11. f3 Ng5 12. Ba3 Bxa3 13. Nxa3 Qb6 14. Nc2 Nf7 {[%emt 0:04:02] [#]} 15. f4 O-O 16. b4 Qc7 17. Nd4 Nh6 18. Qd2 Qe7 19. a4 {[%emt 0:03:27] 0x0.00249b13221edp-1022s more active pieces.} Bd7 20. c5 Rac8 21. Rfc1 a6 22. Rab1 Kh8 23. b5 axb5 24. axb5 Rf7 (24... Rg8 $16) 25. bxc6 $18 bxc6 {[%emt 0:03:13] This costs Black the game.} (25... Bxc6 $16 26. Rb6 Qe8) 26. Rb7 (26. Ba6 $142 Rc7 27. Qa5) 26... Qd8 (26... g5 {keeps fighting.} 27. Ba6 gxf4) 27. Ra1 g5 (27... Re7 {might work better.} 28. Raa7 Ng8) 28. Raa7 gxf4 29. exf4 Qe8 (29... Ra8 {was worth a try.} 30. Qa2 Rxa7 31. Qxa7 Kg7) 30. Nf3 Rg7 31. Ng5 Rd8 32. Be2 {[%emt 0:03:33] Black must now prevent Qa5.} Nf7 33. Nf3 (33. Bh5 Nxg5 34. Bxe8 Nf3+ 35. Kh1 Nxd2 $14) 33... Nh6 34. Qa5 Ng4 $2 (34... Ng8 35. g3 Re7) 35. Ng5 Rc8 36. Bxg4 fxg4 37. f5 Rxg5 (37... Qh5 $142 38. f6 (38. Rxd7 Rxd7 39. Ra8 Qe8 $15) (38. fxe6 $2 g3 $19) 38... Qxg5 39. fxg7+ Kg8) 38. Rxd7 Qf8 39. Rxh7+ Kg8 40. f6 {[%emt 0:01:26] White wants to mate with Qd2.} Rb8 41. Qe1 {[%emt 0:13:38][%cal Oh7h8] Threatening mate with Rh8+!} Qxc5+ 42. Kh1 Kf8 43. h4 Rg6 44. h5 Rg5 45. Raf7+ Kg8 46. Rfg7+ (46. Rd7 $142 Kf8 47. f7 Qe7 {[#]} 48. Qc1 $1 Qxd7 49. Qxg5 Rb1+ 50. Kh2 g3+ 51. Qxg3) 46... Rxg7 47. Rxg7+ Kf8 48. h6 Ke8 49. h7 {[%emt 0:00:47] Weighted Error Value: White=0.21 (precise) /Black=0.57} 1-0

[Event "Icelandic Championship 2022"]
[Site "Selfoss"]
[Date "2022.04.25"]
[Round "5.1"]
[White "Stefansson, Vignir Vatnar"]
[Black "Thorfinnsson, Bragi"]
[Result "1-0"]
[ECO "E04"]
[WhiteElo "2484"]
[BlackElo "2419"]
[Annotator "TA"]
[PlyCount "61"]
[EventDate "2022.04.21"]
[EventType "tourn"]
[EventCountry "ISL"]
[SourceTitle "playchess.com"]
[Source "ChessBase"]
[SourceQuality "1"]
[TimeControl "40/5400+30:1800+30"]

1. Nf3 Nf6 2. c4 e6 3. g3 d5 4. d4 Bb4+ 5. Nbd2 dxc4 6. Bg2 O-O 7. Qc2 b5 {[%emt 0:03:23] E04: Open Catalan: 5 Nf3.} 8. a4 Bb7 {[%emt 0:10:50] ...a6 is the strong threat.} 9. axb5 Bxd2+ (9... a6 $11 {keeps the balance.}) 10. Bxd2 $16 Bd5 11. O-O {[%emt 0:16:26] [#]} Nbd7 $146 (11... a6 $14) ({Predecessor:} 11... a6) 12. Rfe1 {[%emt 0:01:50] &Bianco is more active.} Ne4 13. Bb4 Re8 14. Ne5 f5 (14... Ndf6 $16 {keeps fighting.} 15. e3 (15. Nxc4 Rb8 $16) 15... Rb8) 15. Nxc4 Qf6 16. Qd3 Reb8 17. f3 c5 (17... Bxc4 $142 18. Qxc4 Nd6) 18. Ba3 $18 Bxc4 19. Qxc4 Nd6 (19... Nd2 $2 20. Qc2 $18) 20. Qd3 c4 21. Qd1 Nxb5 22. f4 Nb6 23. Bxa8 Rxa8 24. Bc5 {[%emt 0:01:55] [#] Strongly threatening Bxb6.} Nd7 25. Qd2 Rd8 $2 (25... h6 26. e3 a6) 26. Qb4 {[%emt 0:03:59] White is clearly winning.} Nxc5 27. dxc5 Nd4 28. Qxc4 g5 29. c6 gxf4 30. c7 Rc8 31. Rad1 {[%emt 0:00:28] White took control after the opening.  Weighted Error Value: White=0.04 (flawless) /Black=0.39} 1-0

[Event "Icelandic Championship 2022"]
[Site "Selfoss"]
[Date "2022.04.25"]
[Round "5.2"]
[White "Steingrimsson, Hedinn"]
[Black "Stefansson, Hannes"]
[Result "1/2-1/2"]
[ECO "E35"]
[WhiteElo "2535"]
[BlackElo "2520"]
[Annotator "TA"]
[PlyCount "131"]
[EventDate "2022.04.21"]
[EventType "tourn"]
[EventCountry "ISL"]
[SourceTitle "playchess.com"]
[Source "ChessBase"]
[SourceQuality "1"]
[TimeControl "40/5400+30:1800+30"]

1. d4 Nf6 2. c4 e6 3. Nc3 Bb4 4. Qc2 d5 5. cxd5 exd5 6. Bg5 h6 7. Bh4 Nc6 8. e3 g5 9. Bg3 h5 10. Bb5 h4 11. Be5 O-O 12. h3 Ne4 13. Bh2 Bf5 14. Bd3 $1 Re8 15. Nge2 (15. Nf3 {seems wilder.} Qf6 16. O-O Bxc3 17. bxc3 Bxh3 18. Be5) 15... Bd6 (15... Bxc3+ $11 16. bxc3 Qd7) 16. Bxd6 $16 Qxd6 17. a3 (17. Bxe4 $16 Bxe4 18. Nxe4 Rxe4 19. Rc1) 17... Rad8 18. Nb5 Qe7 19. O-O a6 20. Nbc3 Qf6 21. f3 (21. Rac1 $14) 21... Nxc3 $15 22. bxc3 Bxd3 23. Qxd3 Na5 (23... Qe6 $15 24. e4 dxe4) 24. Rfe1 Re6 25. Nc1 c5 26. Ra2 cxd4 27. cxd4 b5 28. Nb3 Nc4 29. Rae2 Re7 30. Nc5 Rde8 31. Kh1 Kg7 32. Qb3 Qd6 33. a4 bxa4 34. Nxa4 Qg3 35. Qd3 $2 {[%emt 0:01:37][%mdl 8192] [#]} (35. Nc5 $11) 35... g4 $2 (35... Nxe3 $1 $19 36. Rxe3 g4 37. hxg4 (37. Rxe7 Qxe1+ 38. Rxe1 Rxe1+) 37... h3 38. gxh3 Rxe3 39. Rxe3 Rh8) 36. fxg4 $11 (36. hxg4 $2 h3 37. Kg1 hxg2 $19) 36... Nxe3 37. Kg1 $1 Qf4 38. Nc5 a5 39. Nb3 $2 {[%emt 0:01:05][%mdl 8192] [#]} (39. Qd2 $11) 39... a4 $2 (39... Nxg2 $1 $19 {[%mdl 512] and Black stays clearly on top.} 40. Kxg2 Rxe2+ 41. Rxe2 Rxe2+ 42. Qxe2 Qg3+ 43. Kf1 Qxh3+ 44. Kg1 Qxb3 45. Qe5+ f6) 40. Nd2 {[%emt 0:00:01] [#]} (40. Nc1 $17) 40... a3 $2 ({Better is} 40... Nc2 $1 $19 41. Rf1 (41. Rxe7 Nxe1 42. Qe2 Qxd4+ 43. Qe3 Qxe3+ $19) 41... Qxd4+ 42. Qxd4+ Nxd4 43. Rxe7 Rxe7) 41. Nf1 $1 $11 Nxg2 42. Kxg2 Rxe2+ 43. Rxe2 Rxe2+ 44. Qxe2 Qxd4 45. Ne3 Qb2 46. Nc2 $2 (46. Kf3 $11 Kh8 47. Qa6 (47. Nxd5 $2 Qxe2+ 48. Kxe2 a2 $19)) 46... a2 $19 47. Kf2 $2 (47. Qd1) 47... Qc3 $19 48. Qd1 d4 $2 (48... Qxh3 $2 49. Qa1+ Kg6 50. Qxa2 $17) (48... Kg6 $19 {Hoping for ...Qg3+.} 49. Ke2 Qxh3) 49. Ke2 $11 Kg8 ({Much weaker is} 49... Qxh3 $6 50. Qxd4+ Kg8 51. Qd8+ Kh7 52. Qg5 $17) 50. Qd3 Qc5 51. Qe4 Kg7 52. Kd1 Qc4 53. Qe5+ f6 54. Qe7+ Kg6 55. Qe4+ Kh6 56. Qf5 Qc6 57. Qf4+ Kg6 58. Qxd4 Qh1+ 59. Kd2 Qxh3 60. Qe4+ Kh6 61. Qf4+ Kg7 62. Qc7+ Kg6 63. Qa5 $2 {[%emt 0:00:03] [#]} (63. Qc4 $11 {and White is okay.}) 63... Qh2+ $1 $19 ({Weaker is} 63... Qxg4 64. Qxa2 Qf4+ 65. Kd1 $11) 64. Kd3 {[%emt 0:01:16] [#]} Qd6+ $2 (64... Qg3+ $1 $19 65. Kc4 (65. Ne3 $2 Qd6+ 66. Kc4 Qe5 $19) 65... Qxg4+ 66. Nd4 Qg2 67. Qf5+ Kg7 68. Ne6+ Kf7) 65. Nd4 $11 Qg3+ 66. Kc4 1/2-1/2

[Event "Icelandic Championship 2022"]
[Site "Selfoss"]
[Date "2022.04.25"]
[Round "5.3"]
[White "Mai, Alexander Oliver"]
[Black "Thorhallsson, Simon"]
[Result "1-0"]
[ECO "B42"]
[WhiteElo "2207"]
[BlackElo "2245"]
[Annotator "TA"]
[PlyCount "83"]
[EventDate "2022.04.21"]
[EventType "tourn"]
[EventCountry "ISL"]
[SourceTitle "playchess.com"]
[Source "ChessBase"]
[SourceQuality "1"]
[TimeControl "40/5400+30:1800+30"]

1. e4 c5 2. Nf3 e6 3. d4 cxd4 4. Nxd4 a6 5. Bd3 Bc5 6. Nb3 Ba7 7. Qg4 Nf6 8. Qg3 d6 {[%emt 0:02:10] B42: Sicilian: Kan Variation: 5 Bd3.} 9. Nc3 (9. Qxg7 Rg8 10. Qh6 Bxf2+ $1 11. Kd1 Rxg2 $17) (9. O-O {keeps more tension.} O-O 10. Nc3 Nh5 11. Qf3) 9... b5 10. a3 (10. Qxg7 Bxf2+ $1 11. Kd1 (11. Kxf2 Rg8 $17) 11... Rg8 $15) 10... Nc6 {[%emt 0:04:17] White is slightly better.} 11. Bg5 (11. Qxg7 Rg8 12. Qh6 Bxf2+ $1 13. Kd1 Rg6 $17) 11... Ne5 {[%emt 0:05:54] [#]} (11... h6 $5 12. Bd2 Ne5 $11) 12. f4 $146 ({Predecessor:} 12. Rd1 Bd7 13. O-O h6 14. Be3 Nh5 15. Qh3 Bxe3 16. Qxe3 Qh4 17. g3 Qe7 18. Be2 {½-½ (18) Wittmann,W (2295)-Lanka,Z (2469) Graz 2011}) 12... Nxd3+ 13. Qxd3 h6 14. Bxf6 gxf6 {[%emt 0:01:05] Black is on the road to losing.} (14... Qxf6 $14 15. Qxd6 Qd8 16. Qxd8+ Kxd8) 15. O-O-O $16 Bb7 16. f5 (16. Qxd6 $6 Be3+ 17. Kb1 Qxd6 18. Rxd6 Bxf4 $11) 16... Qb6 17. Rhe1 {[%emt 0:15:05] Inhibits Qe3+.} (17. Qxd6 Qxd6 18. Rxd6 Rd8 19. Rxd8+ Kxd8 $11) ({White should try} 17. fxe6 $18 fxe6 18. Kb1 (18. Qxd6 Qxd6 19. Rxd6 Rd8 $11)) 17... O-O-O 18. fxe6 {[%emt 0:02:14] &Bianco is more active.} fxe6 {[%emt 0:00:07] [#]} 19. Qh3 $1 {[%emt 0:00:38] Black must now prevent Nd5.} Rhe8 {[%emt 0:04:04] [#]} (19... Rde8 {might work better.} 20. Nd5 Qd8) 20. Nd5 $1 $18 (20. Qxh6 Qf2 $14) 20... Qf2 21. Rf1 Qe2 22. Rde1 {[%emt 0:01:48] Chess con chili.} (22. Rxf6 Qxe4 23. Rf7 Bxd5 $11) (22. Nxf6 Qe3+ 23. Qxe3 Bxe3+ 24. Kb1 Re7 $16) 22... Qc4 23. Nxf6 {[%emt 0:13:42] Pair of Knights!} ({Much less strong is} 23. Rxf6 Bxd5 24. exd5 Qxd5 25. Rfxe6 Rxe6 26. Rxe6 (26. Qxe6+ Qxe6 27. Rxe6 Kd7 $16) 26... Kb8 27. Rxh6 Bb6 $18) 23... Re7 24. Rf3 {[%emt 0:02:01] Strongly threatening Rc3.} Kb8 (24... Rc7 $2 25. Rc3 $18) 25. Rc3 Qa4 26. Qxh6 Rc8 $2 (26... b4 27. axb4 Qxb4) 27. Rxc8+ {[%emt 0:01:42] White is clearly winning.} Bxc8 28. Qf8 Rc7 {[%emt 0:01:14] [#] Threatens to win with ...Qxb3.} 29. Qxd6 $1 Qc4 30. Kb1 Qxc2+ (30... Bf2 $142 31. Rc1 Be3) 31. Ka2 {[%emt 0:00:07] Hoping for Rc1.} Kb7 32. Rc1 Qxc1 33. Nxc1 Rxc1 34. Qd2 Rc6 35. Nd7 Kc7 36. Ne5 Rd6 37. Qg5 Kb8 38. h4 Bd4 39. Qf4 {[%emt 0:01:05] And now Nc6+ would win.} Ka7 40. h5 Bb7 41. h6 b4 42. axb4 {[%emt 0:01:20] Weighted Error Value: White=0.10 (very precise) /Black=0.38} (42. h7 $142 Bxe5 43. Qxe5) 1-0

[Event "Icelandic Championship 2022"]
[Site "Selfoss"]
[Date "2022.04.25"]
[Round "5.4"]
[White "Heimisson, Hilmir Freyr"]
[Black "Thorhallsson, Throstur"]
[Result "0-1"]
[ECO "E01"]
[WhiteElo "2312"]
[BlackElo "2414"]
[Annotator "TA"]
[PlyCount "110"]
[EventDate "2022.04.21"]
[EventType "tourn"]
[EventCountry "ISL"]
[SourceTitle "playchess.com"]
[Source "ChessBase"]
[SourceQuality "1"]
[TimeControl "40/5400+30:1800+30"]

1. d4 Nf6 2. c4 e6 3. Nf3 d5 4. g3 Bb4+ 5. Nbd2 O-O 6. Bg2 Nbd7 7. O-O {[%emt 0:00:26] E01: Catalan: Early deviations.} c6 8. Qc2 Be7 {[%emt 0:02:34] 8...b6 is setting a new trend.} 9. Rd1 {[%emt 0:04:30] White is slightly better.} b6 10. e4 Ba6 11. b3 Rc8 12. Bb2 {[%emt 0:00:16] [#]} (12. e5 $5 Ne8 13. Nf1 $14) 12... c5 $146 ({Predecessor:} 12... Qc7 13. e5 Ne8 14. Nf1 Qb8 15. Ne3 Nc7 16. h4 h6 17. Rac1 Bb7 18. Qe2 c5 19. dxc5 Nxc5 {1-0 (59) Loetscher,R (2416)-Huss,A (2382) Bern 2014}) 13. e5 Ne8 14. Rac1 cxd4 15. Qd3 Nc7 16. Qxd4 f5 (16... b5 $14) 17. h4 (17. cxd5 $16 {d6 is the strong threat.} Bc5 18. Qh4 Qxh4 19. Nxh4 Nxd5 20. Nc4) 17... f4 $11 {[%emt 0:07:56] Hoping for ...Bc5.} 18. Nf1 (18. gxf4 Bc5 19. Qc3 Rxf4 $17) 18... Bc5 19. Qd2 fxg3 20. Nxg3 Qe7 21. Bd4 (21. a3 $11) 21... Bb7 ({Black should try} 21... h6 $17 22. h5 dxc4 23. bxc4 Bb7) 22. Qg5 $15 Qf7 {[%emt 0:03:08] Threatens to win with ...dxc4.} 23. Qe3 h6 {[%emt 0:02:29] Inhibits Ng5.} 24. Rc3 {[%emt 0:04:09] White is on the road to losing.} (24. Bxc5 $15 Nxc5 25. Nd4) 24... Ba8 25. h5 {[%emt 0:02:48] [#]} (25. Qe2 $17 {might work better.}) 25... Bb4 $1 $19 ({Stronger than} 25... dxc4 26. Bxc5 Nxc5 27. bxc4 $15) 26. Rcd3 (26. Nh4 $142 Bxc3 27. Bxc3) 26... Nc5 27. Bxc5 Bxc5 ({But not} 27... bxc5 28. Nh4 $14) 28. Qe2 Qf4 ({Better is} 28... Qe7 $19 29. a3 a5) 29. Nd4 (29. Rd4 $17 Bxd4 30. Rxd4 Qc1+ 31. Rd1) 29... Qh4 {[%emt 0:01:09] aiming for ...Rf4.} 30. Nf1 Rf4 ({Not} 30... dxc4 $2 31. bxc4 Bxg2 32. Kxg2 $19) 31. Rh3 Qe7 32. Nf3 Rcf8 33. N1h2 R8f5 34. Qd3 Qf7 35. Rd2 Rxh5 36. Rxh5 Qxh5 37. Qe2 Qf5 38. Rd3 g5 {[%emt 0:01:32][%cal Bg7g5,Bg5g4][%mdl 32] White must now prevent ...g4.} 39. Kh1 (39. b4 $142 Bxb4 40. Rd4) 39... g4 40. Ne1 h5 41. Rd1 Rxf2 42. Qd3 Qxd3 43. Nxd3 {[%emt 0:01:05] [#]} Rxg2 $1 44. Kxg2 dxc4+ 45. Kg3 cxd3 46. Rxd3 Nd5 47. Nf1 Bc6 48. Nd2 Bb5 49. Nc4 Kg7 50. a4 Bxc4 51. bxc4 Ne7 {[%emt 0:01:57] ( -> ...a5)} 52. Rd7 a5 53. Kf4 Kh6 54. Rd2 Ng6+ 55. Ke4 h4 {[%emt 0:00:13] Weighted Error Value: White=0.93/Black=0.16 (very precise)} 0-1

[Event "Icelandic Championship 2022"]
[Site "Selfoss"]
[Date "2022.04.25"]
[Round "5.5"]
[White "Gretarsson, Hjorvar Steinn"]
[Black "Kjartansson, Gudmundur"]
[Result "1/2-1/2"]
[ECO "C55"]
[WhiteElo "2548"]
[BlackElo "2450"]
[Annotator "TA"]
[PlyCount "101"]
[EventDate "2022.04.21"]
[EventType "tourn"]
[EventCountry "ISL"]
[SourceTitle "playchess.com"]
[Source "ChessBase"]
[SourceQuality "1"]
[TimeControl "40/5400+30:1800+30"]

1. e4 e5 2. Nf3 Nc6 3. Bc4 Nf6 4. d3 Be7 5. O-O O-O 6. Re1 d6 7. a3 h6 {[%emt 0:03:00] C55: Two Knights: 4 d3, 4 d4 exd4 5 e5 and Max Lange Attack.} 8. Nbd2 Nh7 9. Nf1 Ng5 {[%emt 0:00:33] The position is equal.} 10. c3 Bg4 11. Bxg5 {[%emt 0:01:03] [#]} hxg5 $146 ({Predecessor:} 11... Bxg5 12. h3 Bd7 13. d4 Bf6 14. Qd2 Kh7 15. Rad1 Na5 16. Ba2 Ba4 17. Rb1 Bb3 18. Bxb3 Nxb3 {1-0 (35) Giri,A (2780)-Iordachescu,V (2591) Batumi 2018}) 12. Ne3 Bd7 13. h3 {[%emt 0:01:57] Inhibits g4.} Qc8 14. d4 Bf6 15. Qd3 g4 16. hxg4 Bxg4 17. Nh2 Bd7 18. Nd5 Qd8 19. Rad1 {[%emt 0:02:39] 0x0.00249b13221edp-1022s more active pieces. The black rooks are badly placed.} g6 20. Nxf6+ (20. f4 $16) 20... Qxf6 $11 21. Qg3 Kg7 22. Bb5 Qf4 23. Qxf4 exf4 24. f3 Rh8 25. e5 Rh5 26. Bxc6 bxc6 27. Nf1 Rb8 28. b4 dxe5 29. Rxe5 Rxe5 30. dxe5 {[%emt 0:00:15][%mdl 4096] Endgame KRB-KRN} Be6 31. Rd4 ({Better is} 31. g3 $11) 31... g5 $15 32. g3 c5 33. bxc5 Rb3 34. gxf4 gxf4 35. Rxf4 Rxa3 36. Kf2 {[%emt 0:01:06] [#]} (36. Ne3 $15) 36... a5 $1 $17 ({Stronger than} 36... Rxc3 37. Ra4 $15) 37. Ne3 Rxc3 38. Rd4 Rxc5 39. f4 {[%emt 0:00:03] [#]} f6 ({Black should play} 39... Kf8 $1 $17 40. Kf3 Bb3 41. Rd8+ Ke7) 40. f5 $11 fxe5 41. Rg4+ Kf7 {[%emt 0:30:13] Strongly threatening ...Bd7.} 42. fxe6+ Kxe6 {[%emt 0:00:04] KRN-KR} 43. Ke2 Rc3 44. Ra4 c5 45. Rxa5 e4 46. Ra8 Ke5 47. Re8+ Kd4 {[%emt 0:00:00] White is slightly better.} 48. Rd8+ Ke5 49. Rd5+ Ke6 {[%emt 0:00:00][%cal Oc3e3] ( -> ...Rxe3+!)} 50. Rh5 Kd6 51. Rh6+ {[%emt 0:00:00] Weighted Error Value: White=0.11 (very precise) /Black=0.09 (flawless)} 1/2-1/2

[Event "Icelandic Championship 2022"]
[Site "Selfoss"]
[Date "2022.04.26"]
[Round "6.1"]
[White "Kjartansson, Gudmundur"]
[Black "Thorhallsson, Throstur"]
[Result "1/2-1/2"]
[ECO "E06"]
[WhiteElo "2450"]
[BlackElo "2414"]
[Annotator "TA"]
[PlyCount "74"]
[EventDate "2022.04.21"]
[EventType "tourn"]
[EventCountry "ISL"]
[SourceTitle "playchess.com"]
[Source "ChessBase"]
[SourceQuality "1"]
[TimeControl "40/5400+30:1800+30"]

1. c4 e6 2. g3 d5 3. Bg2 Nf6 4. Nf3 Be7 5. d4 O-O 6. Nc3 dxc4 7. Ne5 c5 8. dxc5 Qxd1+ 9. Nxd1 Bxc5 10. O-O Nc6 {[%emt 0:11:30] E06: Closed Catalan: Early deviations.} 11. Bxc6 bxc6 12. Be3 Bb6 13. Bxb6 axb6 14. Nc3 Nd5 {[%emt 0:12:28] [#]} 15. Nxc6 $146 ({Predecessor:} 15. a4 f6 16. Nxc4 Rb8 17. Rfc1 Ba6 18. Ne4 Rfc8 19. Kf1 c5 20. b3 Rc6 21. Ke1 Bxc4 22. Rxc4 {½-½ (43) Le,Q (2709)-Nakamura,H (2736) chess24.com INT 2021}) 15... Nxc3 16. bxc3 ({But not} 16. Ne7+ Kh8 17. bxc3 Bd7 $17) 16... Bb7 17. Nb4 Rfd8 18. Rfd1 Kf8 19. Kf1 Ke7 20. Ke1 g5 21. Rxd8 Rxd8 $11 {[%emt 0:00:13][%mdl 4096] Endgame KRB-KRN} 22. Rb1 g4 23. Rd1 Rc8 24. Kd2 Rc5 ({Black should play} 24... Ra8 $15) 25. Nc2 Ra5 26. a3 Be4 27. Ne3 {[%emt 0:06:38][%csl LRc4,LRg4] The position is equal.} b5 28. Nxg4 Rxa3 29. Ne3 Kd6 30. f3 Bg6 31. Nc2 Bxc2 32. Kxc2+ {[%emt 0:00:03] KR-KR} Kc6 {[%emt 0:01:08] [#] aiming for ...Ra2+.} 33. Rd8 Ra2+ 34. Kd1 Ra1+ 35. Kd2 Ra2+ 36. Kd1 $1 Ra1+ 37. Kd2 Ra2+ {[%emt 0:00:17] Weighted Error Value: White=0.08 (flawless) /Black=0.08 (flawless)} 1/2-1/2